Ducks vs BlackHawks

Created - 26 janvier 2021 at 20:25

Goals
1 2 3 OT1 SO T
Ducks 0 1 0 0 2 2
BlackHawks 0 0 1 0 1 1
Shots
1 2 3 OT1 SO T
Ducks 8 8 10 4 9 30
BlackHawks 9 15 8 1 9 33

1st period

No Goal

Penalties :
Calvin de Haan (ANA) for Close Hand On Puck (Minor) at 1:16, Jack Roslovic (ANA) for Interference (Minor) at 6:01, Jarred Tinordi (CHI) for Holding (Minor) at 9:00

2nd period

1. Ducks , Brandon Sutter 9 (Artem Anisimov 12, Tucker Poolman 4) at 13:19

Penalties :
Anders Lee (ANA) for Hooking (Minor) at 3:04, Josh Manson (ANA) for Interference (Minor) at 6:58

3rd period

2. BlackHawks , Scott Laughton 12 (Erik Johnson 18, Lawson Crouse 13) at 12:59

Penalties :
Luke Schenn (ANA) for Roughing (Minor) at 10:14, John Marino (CHI) for Slashing (Minor) at 13:39

Overtime #1

No Goal

Penalties :
No Penalty

Shootout

Ducks, Derek Stepan - Stopped by Jacob Markstrom
BlackHawks, Jared McCann - Shot Misses the Net
Ducks, Anders Lee - Shot Misses the Net
BlackHawks, Phillip Danault - Goal!
Ducks, Calvin de Haan - Goal!
BlackHawks, Jaden Schwartz - Stopped by Antti Raanta
Ducks, Kyle Turris - Stopped by Jacob Markstrom
BlackHawks, Brock Boeser - Stopped by Antti Raanta
Ducks, Luke Kunin - Stopped by Jacob Markstrom
BlackHawks, Phil Kessel - Stopped by Antti Raanta
Ducks, Tyler Ennis - Stopped by Jacob Markstrom
BlackHawks, Jarred Tinordi - Shot Misses the Net
Ducks, Brandon Sutter - Shot Misses the Net
BlackHawks, Kyle Palmieri - Stopped by Antti Raanta
Ducks, Artem Anisimov - Stopped by Jacob Markstrom
BlackHawks, Curtis Lazar - Shot Misses the Net
Ducks, Michael Raffl - Goal!
BlackHawks, Brandon Carlo - Stopped by Antti Raanta

Penalties :
No Penalty

Goalie Stats

Antti Raanta (ANA), 32 saves from 33 shots - (0,970), W, 13-8-3, 65:00 minutes
Jacob Markstrom (CHI), 29 saves from 30 shots - (0,967), OTL, 21-21-4, 65:00 minutes

Players Stats for Ducks

Player Name              G  A  P  +/- PIM S  H  SB GA TA FO     MP     PP MP  PK MP  
------------------------------------------------------------------------------------
Anders Lee               0  0  0   0  2   2  0  0  0  0  0/1    21:28   1:42   3:53 
Artem Anisimov           0  1  1   1  0   3  0  0  0  0  0/0    17:45   2:16   0:00 
Brandon Sutter           1  0  1   1  0   6  3  0  0  0  1/2    17:45   2:16   0:00 
Brett Connolly           0  0  0   0  0   0  0  0  0  0  0/0     6:48   0:00   1:35 
Calvin de Haan           0  0  0  -1  2   0  1  1  0  0  0/0    21:47   2:16   4:16 
Derek Forbort            0  0  0  -1  0   0  2  6  0  0  0/0    21:56   2:16   5:09 
Derek Stepan             0  0  0   0  0   2  1  0  0  0  19/38  26:11   1:42   4:13 
Jack Roslovic            0  0  0   1  2   3  1  0  0  0  8/27   17:37   0:58   2:53 
Jacob de La Rose         0  0  0   0  0   0  0  0  0  0  1/5     6:31   0:00   1:18 
Josh Manson              0  0  0   0  2   1  2  1  0  0  0/0    25:30   1:42   3:30 
Kyle Turris              0  0  0  -1  0   2  0  1  0  0  5/14   18:48   0:00   3:44 
Luke Kunin               0  0  0   0  0   6  1  0  0  0  0/0    16:41   1:42   0:00 
Luke Schenn              0  0  0   1  2   0  8  0  0  0  0/0    13:26   0:00   0:00 
Michael Raffl            0  0  0  -1  0   0  1  0  0  0  0/0    15:05   0:00   2:14 
Nick Ritchie             0  0  0   0  0   0  1  0  0  0  1/3     2:33   1:18   0:00 
T.J. Brodie              0  0  0   0  0   2  1  4  0  0  0/0    26:39   1:42   4:43 
Tucker Poolman           0  1  1   1  0   0  2  0  0  0  0/0    15:39   0:00   2:12 
Tyler Ennis              0  0  0  -1  0   3  1  0  0  0  0/2    12:51   0:00   0:00 

Players Stats for BlackHawks

Player Name              G  A  P  +/- PIM S  H  SB GA TA FO     MP     PP MP  PK MP  
------------------------------------------------------------------------------------
Adam Larsson             0  0  0   0  0   0  0  0  0  0  0/0     3:41   1:41   0:17 
Anze Kopitar             0  0  0   0  0   1  0  0  0  0  3/13   10:33   3:09   0:59 
Ben Hutton               0  0  0   0  0   1  0  2  0  0  0/0    17:41   1:26   1:45 
Brandon Carlo            0  0  0  -1  0   1  0  1  0  0  0/0    22:55   3:15   2:18 
Brock Boeser             0  0  0   0  0   3  2  0  0  0  1/4    24:33   5:14   0:42 
Curtis Lazar             0  0  0   1  0   0  1  0  0  0  0/0     7:05   0:42   0:00 
Erik Johnson             0  1  1   1  0   2  0  3  0  0  0/0    28:23   5:14   1:40 
Ivan Barbashev           0  0  0  -1  0   0  0  0  0  0  1/1     9:20   0:00   0:57 
Jaden Schwartz           0  0  0   0  0   3  1  1  0  0  3/4    26:05   5:14   1:40 
Jared McCann             0  0  0  -1  0   2  0  0  0  0  9/12   10:41   0:00   1:20 
Jarred Tinordi           0  0  0   1  2   0  2  0  0  0  0/0     7:49   1:09   0:16 
John Marino              0  0  0  -1  2   4  4  2  0  0  0/0    20:18   1:51   0:00 
Justin Faulk             0  0  0   0  0   2  2  1  0  0  0/0    24:11   5:14   1:40 
Kyle Palmieri            0  0  0   0  0   3  2  0  0  0  1/2    19:36   3:46   0:00 
Lawson Crouse            0  1  1   0  0   3  2  0  0  0  3/4    14:02   2:16   0:00 
Phil Kessel              0  0  0   0  0   4  0  0  0  0  0/0    20:43   3:46   0:00 
Phillip Danault          0  0  0   0  0   3  1  2  0  0  16/28  23:35   3:46   2:18 
Scott Laughton           1  0  1   1  0   1  2  0  0  0  20/24  19:49   1:52   0:00 

3 Stars

1 - Antti Raanta (ANA)
2 - Jacob Markstrom (CHI)
3 - Brandon Sutter (ANA)

Power Play

Ducks - 0 on 2 Attempt(s) - 0,00%
BlackHawks - 0 on 5 Attempt(s) - 0,00%

Penalty Kill

Ducks - 5 on 5 Attempt(s) - 100,00% - Score 0 goal in Penalty Kill
BlackHawks - 2 on 2 Attempt(s) - 100,00% - Score 0 goal in Penalty Kill

Team Stat

Ducks - Hits : 25 - Faceoff Wins : 35 - Blocked Shots : 13 - Penalty Minutes : 10
BlackHawks - Hits : 19 - Faceoff Wins : 57 - Blocked Shots : 12 - Penalty Minutes : 4

Official

Referees : Trevor Hanson and Wes McCauley
Linesman : Tony Sericolo and Travis Gawryletz

Game Notes

Adam Larsson is injured at 9:44 of 1st period (Bruised Left Arm)
Anze Kopitar is injured at 5:08 of 2nd period (Sprained Right Finger)
Jack Roslovic is injured at 13:39 of 3rd period (Groin)

Finance

Level 1 -- Attendance: 2554 (39,29%) -- Ticket Income 638 500 $
Level 2 -- Attendance: 1834 (36,68%) -- Ticket Income 366 800 $
Level 3 -- Attendance: 1062 (30,34%) -- Ticket Income 185 850 $
Level 4 -- Attendance: 697 (18,75%) -- Ticket Income 104 550 $
Luxury Box -- Attendance: 539 (53,90%) -- Ticket Income 215 600 $
Game was played at the United Center.
Total Attendance: 6686 (33,91%)
Total Ticket Income: 1 511 300 $
Other Income: 740 537 $
Total Income: 2 251 837 $

% Time on Ice - Ducks

Lines # - Real PCT - Wanted PCT - Time Play
Normal Forward
1 - 29% - 40% - 13:19
2 - 32% - 30% - 14:44
3 - 28% - 20% - 12:51
4 - 11% - 10% - 5:13
Normal Defense
1 - 39% - 40% - 17:49
2 - 31% - 30% - 14:31
3 - 29% - 20% - 13:27
4 - 1% - 10% - 0:20
PP Forward
1 - 43% - 60% - 1:42
2 - 57% - 40% - 2:16
PP Defense
1 - 43% - 60% - 1:42
2 - 57% - 40% - 2:16
PK Forward
1 - 62% - 60% - 6:11
2 - 38% - 40% - 3:44
PK Defense
1 - 46% - 60% - 4:33
2 - 54% - 40% - 5:22
PK3 Forward
1 - 0% - 60%
2 - 0% - 40%
PK3 Defense
1 - 0% - 60%
2 - 0% - 40%
44 Forward
1 - 0% - 60%
2 - 0% - 40%
44 Defense
1 - 0% - 60%
2 - 0% - 40%
Last Minute Offensive  - 0:00
Last Minute Defensive  - 0:00
Total
Forward - 60:00
Defense - 60:00

% Time on Ice - BlackHawks

Lines # - Real PCT - Wanted PCT - Time Play
Normal Forward
1 - 36% - 40% - 16:46
2 - 33% - 30% - 15:06
3 - 14% - 20% - 6:23
4 - 17% - 10% - 7:52
Normal Defense
1 - 34% - 40% - 15:40
2 - 36% - 30% - 16:31
3 - 21% - 20% - 9:32
4 - 10% - 10% - 4:24
PP Forward
1 - 55% - 60% - 5:27
2 - 45% - 40% - 4:28
PP Defense
1 - 53% - 60% - 5:14
2 - 47% - 40% - 4:41
PK Forward
1 - 82% - 60% - 3:16
2 - 18% - 40% - 0:42
PK Defense
1 - 42% - 60% - 1:40
2 - 58% - 40% - 2:18
PK3 Forward
1 - 0% - 60%
2 - 0% - 40%
PK3 Defense
1 - 0% - 60%
2 - 0% - 40%
44 Forward
1 - 0% - 60%
2 - 0% - 40%
44 Defense
1 - 0% - 60%
2 - 0% - 40%
Last Minute Offensive  - 0:00
Last Minute Defensive  - 0:00
Total
Forward - 60:00
Defense - 60:00

Play-by-Play

1st period


0:01 of 1st period - Derek Stepan wins face-off versus Anze Kopitar in neutral zone.
0:15 of 1st period - Shot by Luke Kunin.
0:15 of 1st period - Shot Misses the Net.
1:11 of 1st period - Shot by Phil Kessel.
1:11 of 1st period - Stopped by Antti Raanta without a rebound.
1:12 of 1st period - Scott Laughton wins face-off versus Jack Roslovic in Ducks zone.
1:16 of 1st period - Minor Penalty to Calvin de Haan for Close Hand On Puck.
1:17 of 1st period - Phillip Danault wins face-off versus Jack Roslovic in Ducks zone.
1:31 of 1st period - Kyle Palmieri is hit by Derek Forbort and loses puck.
1:46 of 1st period - Shot by Kyle Palmieri.
1:46 of 1st period - Stopped by Antti Raanta without a rebound.
1:47 of 1st period - Derek Stepan wins face-off versus Anze Kopitar in Ducks zone.
2:02 of 1st period - Shot by Jaden Schwartz.
2:02 of 1st period - Shot Blocked by Derek Forbort.
2:16 of 1st period - Shot by Anze Kopitar.
2:16 of 1st period - Shot Blocked by Josh Manson.
3:02 of 1st period - Shot by Adam Larsson.
3:02 of 1st period - Deflect By Phillip Danault.
3:02 of 1st period - Stopped by Antti Raanta without a rebound.
3:03 of 1st period - Derek Stepan wins face-off versus Anze Kopitar in Ducks zone.
3:24 of 1st period - John Marino is hit by Luke Schenn and loses puck.
3:29 of 1st period - Shot by Jack Roslovic.
3:29 of 1st period - Stopped by Jacob Markstrom with a rebound.
3:54 of 1st period - Icing by Brandon Sutter.
3:55 of 1st period - Phillip Danault wins face-off versus Jack Roslovic in Ducks zone.
3:56 of 1st period - Shot by Phil Kessel.
3:56 of 1st period - Stopped by Antti Raanta without a rebound.
3:57 of 1st period - Phillip Danault wins face-off versus Kyle Turris in Ducks zone.
4:00 of 1st period - Shot by Kyle Palmieri.
4:00 of 1st period - Stopped by Antti Raanta without a rebound.
4:01 of 1st period - Kyle Turris wins face-off versus Anze Kopitar in Ducks zone.
6:01 of 1st period - Minor Penalty to Jack Roslovic for Interference.
6:02 of 1st period - Anze Kopitar wins face-off versus Derek Stepan in Ducks zone.
6:29 of 1st period - Shot by Jaden Schwartz.
6:29 of 1st period - Shot Misses the Net.
6:31 of 1st period - Shot by Erik Johnson.
6:31 of 1st period - Shot Misses the Net.
6:33 of 1st period - Shot by Anze Kopitar.
6:33 of 1st period - Stopped by Antti Raanta without a rebound.
6:34 of 1st period - Derek Stepan wins face-off versus Anze Kopitar in Ducks zone.
8:18 of 1st period - Artem Anisimov is hit by Lawson Crouse and loses puck.
9:00 of 1st period - Minor Penalty to Jarred Tinordi for Holding.
9:01 of 1st period - Derek Stepan wins face-off versus Anze Kopitar in BlackHawks zone.
9:23 of 1st period - Shot by Anders Lee.
9:23 of 1st period - Shot Blocked by Justin Faulk.
9:25 of 1st period - Shot by Derek Stepan.
9:25 of 1st period - Shot Misses the Net.
9:27 of 1st period - Shot by Luke Kunin.
9:27 of 1st period - Stopped by Jacob Markstrom without a rebound.
9:28 of 1st period - Jaden Schwartz wins face-off versus Jack Roslovic in BlackHawks zone.
9:43 of 1st period - Adam Larsson is hit by Brandon Sutter and loses puck.
9:44 of 1st period - Adam Larsson from BlackHawks is injured at 9:44 of 1st period (Bruised Left Arm).
9:45 of 1st period - Jaden Schwartz wins face-off versus Derek Stepan in BlackHawks zone.
9:59 of 1st period - T.J. Brodie is hit by Brock Boeser and loses puck.
10:41 of 1st period - Anze Kopitar is hit by Brandon Sutter and loses puck.
11:06 of 1st period - Shot by Tyler Ennis.
11:06 of 1st period - Shot Blocked by Ben Hutton.
11:37 of 1st period - Icing by Kyle Turris.
11:38 of 1st period - Kyle Turris wins face-off versus Anze Kopitar in Ducks zone.
11:38 of 1st period - Michael Raffl is hit by Jaden Schwartz and loses puck.
11:44 of 1st period - Anze Kopitar is hit by Tucker Poolman and loses puck.
11:55 of 1st period - Anze Kopitar is hit by Luke Schenn and loses puck.
12:05 of 1st period - Brock Boeser is hit by Luke Schenn and loses puck.
12:19 of 1st period - Off-side.
12:20 of 1st period - Derek Stepan wins face-off versus Phillip Danault in neutral zone.
12:24 of 1st period - Anders Lee is hit by John Marino and loses puck.
12:29 of 1st period - Shot by Anders Lee.
12:29 of 1st period - Shot Misses the Net.
12:31 of 1st period - Shot by T.J. Brodie.
12:31 of 1st period - Stopped by Jacob Markstrom with a rebound.
12:33 of 1st period - Shot by Josh Manson.
12:33 of 1st period - Stopped by Jacob Markstrom with a rebound.
12:35 of 1st period - Shot by T.J. Brodie.
12:35 of 1st period - Stopped by Jacob Markstrom without a rebound.
12:36 of 1st period - Scott Laughton wins face-off versus Jack Roslovic in BlackHawks zone.
12:36 of 1st period - Scott Laughton is hit by Brandon Sutter.
12:46 of 1st period - Shot by Lawson Crouse.
12:46 of 1st period - Shot Misses the Net.
13:46 of 1st period - Icing by Erik Johnson.
13:47 of 1st period - Derek Stepan wins face-off versus Phillip Danault in BlackHawks zone.
13:48 of 1st period - Shot by Luke Kunin.
13:48 of 1st period - Stopped by Jacob Markstrom without a rebound.
13:49 of 1st period - Derek Stepan wins face-off versus Anze Kopitar in BlackHawks zone.
14:05 of 1st period - Shot by Jaden Schwartz.
14:05 of 1st period - Stopped by Antti Raanta with a rebound.
14:07 of 1st period - Shot by Erik Johnson.
14:07 of 1st period - Shot Misses the Net.
14:09 of 1st period - Shot by Brock Boeser.
14:09 of 1st period - Shot Misses the Net.
14:55 of 1st period - Shot by Kyle Palmieri.
14:55 of 1st period - Shot Blocked by T.J. Brodie.
14:57 of 1st period - Shot by Kyle Palmieri.
14:57 of 1st period - Shot Hit the Post.
15:13 of 1st period - Shot by Kyle Palmieri.
15:13 of 1st period - Shot Misses the Net.
15:48 of 1st period - Shot by Ben Hutton.
15:48 of 1st period - Stopped by Antti Raanta without a rebound.
15:49 of 1st period - Jared McCann wins face-off versus Jack Roslovic in Ducks zone.
16:08 of 1st period - Icing by Calvin de Haan.
16:09 of 1st period - Jack Roslovic wins face-off versus Anze Kopitar in Ducks zone.
16:09 of 1st period - Jack Roslovic is hit by Brock Boeser.
16:23 of 1st period - Shot by Anze Kopitar.
16:23 of 1st period - Shot Blocked by Derek Forbort.
16:33 of 1st period - Shot by Anze Kopitar.
16:33 of 1st period - Shot Misses the Net.
16:55 of 1st period - Shot by Tyler Ennis.
16:55 of 1st period - Stopped by Jacob Markstrom without a rebound.
16:56 of 1st period - Kyle Turris wins face-off versus Phillip Danault in BlackHawks zone.
17:46 of 1st period - Icing by Ben Hutton.
17:47 of 1st period - Phillip Danault wins face-off versus Jack Roslovic in BlackHawks zone.
18:05 of 1st period - Icing by Lawson Crouse.
18:06 of 1st period - Jacob de La Rose wins face-off versus Scott Laughton in BlackHawks zone.
18:10 of 1st period - Derek Stepan is hit by Jarred Tinordi.
19:12 of 1st period - Jack Roslovic is hit by Justin Faulk and loses puck.
19:27 of 1st period - Shot by Kyle Turris.
19:27 of 1st period - Stopped by Jacob Markstrom without a rebound.
19:28 of 1st period - Phillip Danault wins face-off versus Tyler Ennis in BlackHawks zone.
19:35 of 1st period - Shot by Phil Kessel.
19:35 of 1st period - Stopped by Antti Raanta without a rebound.
19:36 of 1st period - Phillip Danault wins face-off versus Kyle Turris in Ducks zone.
19:43 of 1st period - Shot by Phil Kessel.
19:43 of 1st period - Shot Hit the Post.
Goals for this period are 0 for Ducks vs 0 for BlackHawks.
Shots for this period are 8 for Ducks vs 9 for BlackHawks.

2nd period


0:01 of 2nd period - Anze Kopitar wins face-off versus Derek Stepan in neutral zone.
0:36 of 2nd period - Shot by Luke Kunin.
0:36 of 2nd period - Stopped by Jacob Markstrom without a rebound.
0:37 of 2nd period - Phillip Danault wins face-off versus Jack Roslovic in BlackHawks zone.
1:18 of 2nd period - Shot by Phil Kessel.
1:18 of 2nd period - Shot Misses the Net.
1:37 of 2nd period - Brandon Carlo is hit by Michael Raffl and loses puck.
1:56 of 2nd period - Shot by Tyler Ennis.
1:56 of 2nd period - Shot Misses the Net.
1:59 of 2nd period - Michael Raffl is hit by John Marino and loses puck.
2:21 of 2nd period - Off-side.
2:22 of 2nd period - Derek Stepan wins face-off versus Anze Kopitar in neutral zone.
3:04 of 2nd period - Minor Penalty to Anders Lee for Hooking.
3:05 of 2nd period - Anze Kopitar wins face-off versus Derek Stepan in Ducks zone.
3:09 of 2nd period - Jaden Schwartz is hit by Calvin de Haan and loses puck.
3:43 of 2nd period - Derek Forbort is hit by Curtis Lazar and loses puck.
4:38 of 2nd period - Shot by Brandon Carlo.
4:38 of 2nd period - Shot Misses the Net.
4:42 of 2nd period - Shot by Phillip Danault.
4:42 of 2nd period - Deflect By Kyle Palmieri.
4:42 of 2nd period - Shot Misses the Net.
4:44 of 2nd period - Shot by Brandon Carlo.
4:44 of 2nd period - Stopped by Antti Raanta without a rebound.
4:45 of 2nd period - Brock Boeser wins face-off versus Jacob de La Rose in Ducks zone.
5:07 of 2nd period - Anze Kopitar is hit by Luke Schenn.
5:08 of 2nd period - Anze Kopitar from BlackHawks is injured at 5:08 of 2nd period (Sprained Right Finger).
5:09 of 2nd period - Jared McCann wins face-off versus Jack Roslovic in Ducks zone.
6:21 of 2nd period - Scott Laughton is hit by Derek Forbort and loses puck.
6:39 of 2nd period - Icing by Justin Faulk.
6:40 of 2nd period - Lawson Crouse wins face-off versus Derek Stepan in BlackHawks zone.
6:50 of 2nd period - Off-side.
6:51 of 2nd period - Phillip Danault wins face-off versus Derek Stepan in neutral zone.
6:51 of 2nd period - Phillip Danault is hit by Derek Stepan.
6:58 of 2nd period - Minor Penalty to Josh Manson for Interference.
6:59 of 2nd period - Lawson Crouse wins face-off versus Derek Stepan in Ducks zone.
6:59 of 2nd period - Erik Johnson is hit by Tucker Poolman and loses puck.
7:12 of 2nd period - Shot by Justin Faulk.
7:12 of 2nd period - Shot Misses the Net.
8:37 of 2nd period - Icing by Scott Laughton.
8:38 of 2nd period - Scott Laughton wins face-off versus Derek Stepan in BlackHawks zone.
9:04 of 2nd period - Shot by Jared McCann.
9:04 of 2nd period - Stopped by Antti Raanta without a rebound.
9:05 of 2nd period - Jared McCann wins face-off versus Jack Roslovic in Ducks zone.
9:10 of 2nd period - Shot by Lawson Crouse.
9:10 of 2nd period - Stopped by Antti Raanta without a rebound.
9:11 of 2nd period - Jared McCann wins face-off versus Jack Roslovic in Ducks zone.
10:23 of 2nd period - Shot by Phillip Danault.
10:23 of 2nd period - Shot Misses the Net.
10:25 of 2nd period - Shot by Kyle Palmieri.
10:25 of 2nd period - Shot Hit the Post.
10:36 of 2nd period - Calvin de Haan is hit by Kyle Palmieri and loses puck.
11:05 of 2nd period - Shot by Brock Boeser.
11:05 of 2nd period - Stopped by Antti Raanta with a rebound.
11:19 of 2nd period - Brock Boeser is hit by Luke Schenn and loses puck.
11:27 of 2nd period - Icing by Erik Johnson.
11:28 of 2nd period - Jaden Schwartz wins face-off versus Jacob de La Rose in BlackHawks zone.
11:54 of 2nd period - Derek Stepan is hit by John Marino and loses puck.
12:43 of 2nd period - Shot by Artem Anisimov.
12:43 of 2nd period - Shot Misses the Net.
12:49 of 2nd period - Shot by Artem Anisimov.
12:49 of 2nd period - Shot Blocked by Brandon Carlo.
12:51 of 2nd period - Shot by Jack Roslovic.
12:51 of 2nd period - Stopped by Jacob Markstrom without a rebound.
12:52 of 2nd period - Kyle Turris wins face-off versus Jaden Schwartz in BlackHawks zone.
12:53 of 2nd period - Shot by Tyler Ennis.
12:53 of 2nd period - Shot Misses the Net.
13:09 of 2nd period - Shot by Tyler Ennis.
13:09 of 2nd period - Stopped by Jacob Markstrom without a rebound.
13:10 of 2nd period - Jack Roslovic wins face-off versus Jared McCann in BlackHawks zone.
13:17 of 2nd period - Shot by Brandon Sutter.
13:17 of 2nd period - Stopped by Jacob Markstrom with a rebound.
13:19 of 2nd period - Shot by Brandon Sutter.
13:19 of 2nd period - Goal by Brandon Sutter - Ducks : 1 - BlackHawks : 0.
13:20 of 2nd period - Scott Laughton wins face-off versus Kyle Turris in neutral zone.
13:20 of 2nd period - Scott Laughton is hit by Tyler Ennis.
13:33 of 2nd period - Shot by Brock Boeser.
13:33 of 2nd period - Stopped by Antti Raanta with a rebound.
14:23 of 2nd period - Shot by Brandon Sutter.
14:23 of 2nd period - Deflect By Artem Anisimov.
14:23 of 2nd period - Stopped by Jacob Markstrom without a rebound.
14:24 of 2nd period - Derek Stepan wins face-off versus Jared McCann in BlackHawks zone.
14:28 of 2nd period - Icing by Brandon Carlo.
14:29 of 2nd period - Derek Stepan wins face-off versus Jared McCann in BlackHawks zone.
14:39 of 2nd period - Jared McCann is hit by Josh Manson and loses puck.
14:48 of 2nd period - Shot by Lawson Crouse.
14:48 of 2nd period - Stopped by Antti Raanta without a rebound.
14:49 of 2nd period - Scott Laughton wins face-off versus Jack Roslovic in Ducks zone.
14:49 of 2nd period - Scott Laughton is hit by Luke Schenn.
15:20 of 2nd period - Shot by Artem Anisimov.
15:20 of 2nd period - Stopped by Jacob Markstrom without a rebound.
15:21 of 2nd period - Derek Stepan wins face-off versus Phillip Danault in BlackHawks zone.
15:26 of 2nd period - Icing by Phillip Danault.
15:27 of 2nd period - Phillip Danault wins face-off versus Derek Stepan in BlackHawks zone.
15:38 of 2nd period - Icing by T.J. Brodie.
15:39 of 2nd period - Scott Laughton wins face-off versus Derek Stepan in Ducks zone.
15:46 of 2nd period - Shot by Brock Boeser.
15:46 of 2nd period - Shot Hit the Post.
15:49 of 2nd period - Icing by Josh Manson.
15:50 of 2nd period - Derek Stepan wins face-off versus Phillip Danault in Ducks zone.
16:00 of 2nd period - Icing by Josh Manson.
16:01 of 2nd period - Scott Laughton wins face-off versus Derek Stepan in Ducks zone.
16:04 of 2nd period - Shot by Brock Boeser.
16:04 of 2nd period - Shot Blocked by T.J. Brodie.
16:06 of 2nd period - Shot by Brock Boeser.
16:06 of 2nd period - Stopped by Antti Raanta without a rebound.
16:07 of 2nd period - Scott Laughton wins face-off versus Jack Roslovic in Ducks zone.
16:08 of 2nd period - Shot by Jaden Schwartz.
16:08 of 2nd period - Stopped by Antti Raanta with a rebound.
16:13 of 2nd period - Off-side.
16:14 of 2nd period - Scott Laughton wins face-off versus Derek Stepan in neutral zone.
16:26 of 2nd period - Shot by Brock Boeser.
16:26 of 2nd period - Shot Blocked by T.J. Brodie.
16:30 of 2nd period - Shot by Jaden Schwartz.
16:30 of 2nd period - Shot Misses the Net.
16:34 of 2nd period - Shot by Justin Faulk.
16:34 of 2nd period - Shot Misses the Net.
16:36 of 2nd period - Shot by Erik Johnson.
16:36 of 2nd period - Stopped by Antti Raanta without a rebound.
16:37 of 2nd period - Jack Roslovic wins face-off versus Kyle Palmieri in Ducks zone.
16:39 of 2nd period - Icing by Artem Anisimov.
16:40 of 2nd period - Jack Roslovic wins face-off versus Phillip Danault in Ducks zone.
17:00 of 2nd period - Shot by Phillip Danault.
17:00 of 2nd period - Shot Misses the Net.
17:02 of 2nd period - Shot by John Marino.
17:02 of 2nd period - Stopped by Antti Raanta without a rebound.
17:03 of 2nd period - Scott Laughton wins face-off versus Anders Lee in Ducks zone.
17:03 of 2nd period - Scott Laughton is hit by T.J. Brodie.
17:18 of 2nd period - Off-side.
17:19 of 2nd period - Phillip Danault wins face-off versus Kyle Turris in neutral zone.
17:30 of 2nd period - Shot by Phillip Danault.
17:30 of 2nd period - Stopped by Antti Raanta with a rebound.
17:32 of 2nd period - Shot by Ben Hutton.
17:32 of 2nd period - Shot Misses the Net.
17:34 of 2nd period - Shot by Phillip Danault.
17:34 of 2nd period - Shot Misses the Net.
17:36 of 2nd period - Shot by John Marino.
17:36 of 2nd period - Stopped by Antti Raanta without a rebound.
17:37 of 2nd period - Derek Stepan wins face-off versus Scott Laughton in Ducks zone.
17:48 of 2nd period - Shot by Luke Kunin.
17:48 of 2nd period - Stopped by Jacob Markstrom without a rebound.
17:49 of 2nd period - Phillip Danault wins face-off versus Jack Roslovic in BlackHawks zone.
17:56 of 2nd period - Shot by Kyle Palmieri.
17:56 of 2nd period - Shot Misses the Net.
17:58 of 2nd period - Shot by John Marino.
17:58 of 2nd period - Stopped by Antti Raanta without a rebound.
17:59 of 2nd period - Scott Laughton wins face-off versus Derek Stepan in Ducks zone.
18:00 of 2nd period - Shot by Justin Faulk.
18:00 of 2nd period - Stopped by Antti Raanta without a rebound.
18:01 of 2nd period - Scott Laughton wins face-off versus Derek Stepan in Ducks zone.
18:54 of 2nd period - Shot by Phillip Danault.
18:54 of 2nd period - Stopped by Antti Raanta without a rebound.
18:55 of 2nd period - Phillip Danault wins face-off versus Jack Roslovic in Ducks zone.
18:58 of 2nd period - Shot by Phillip Danault.
18:58 of 2nd period - Shot Blocked by Calvin de Haan.
19:03 of 2nd period - Off-side.
19:04 of 2nd period - Jared McCann wins face-off versus Kyle Turris in neutral zone.
Goals for this period are 1 for Ducks vs 0 for BlackHawks.
Shots for this period are 8 for Ducks vs 15 for BlackHawks.

3rd period


0:01 of 3rd period - Scott Laughton wins face-off versus Derek Stepan in neutral zone.
0:16 of 3rd period - Shot by Anders Lee.
0:16 of 3rd period - Stopped by Jacob Markstrom without a rebound.
0:17 of 3rd period - Phillip Danault wins face-off versus Jack Roslovic in BlackHawks zone.
0:22 of 3rd period - Artem Anisimov is hit by Phillip Danault and loses puck.
0:35 of 3rd period - Shot by Phillip Danault.
0:35 of 3rd period - Shot Blocked by Derek Forbort.
0:45 of 3rd period - Shot by Kyle Palmieri.
0:45 of 3rd period - Shot Hit the Post.
0:47 of 3rd period - Shot by Kyle Palmieri.
0:47 of 3rd period - Stopped by Antti Raanta with a rebound.
0:55 of 3rd period - Shot by Phillip Danault.
0:55 of 3rd period - Shot Blocked by Derek Forbort.
1:19 of 3rd period - Shot by Jaden Schwartz.
1:19 of 3rd period - Shot Blocked by T.J. Brodie.
1:21 of 3rd period - Shot by Justin Faulk.
1:21 of 3rd period - Stopped by Antti Raanta without a rebound.
1:22 of 3rd period - Jared McCann wins face-off versus Kyle Turris in Ducks zone.
1:56 of 3rd period - Shot by Scott Laughton.
1:56 of 3rd period - Shot Misses the Net.
1:58 of 3rd period - Shot by Jared McCann.
1:58 of 3rd period - Shot Misses the Net.
2:32 of 3rd period - Shot by Erik Johnson.
2:32 of 3rd period - Stopped by Antti Raanta without a rebound.
2:33 of 3rd period - Derek Stepan wins face-off versus Phillip Danault in Ducks zone.
2:46 of 3rd period - Shot by Luke Kunin.
2:46 of 3rd period - Shot Blocked by John Marino.
3:31 of 3rd period - Icing by Justin Faulk.
3:32 of 3rd period - Scott Laughton wins face-off versus Jack Roslovic in BlackHawks zone.
3:32 of 3rd period - Scott Laughton is hit by Jack Roslovic.
3:42 of 3rd period - Icing by Erik Johnson.
3:43 of 3rd period - Scott Laughton wins face-off versus Brandon Sutter in BlackHawks zone.
3:58 of 3rd period - Shot by Justin Faulk.
3:58 of 3rd period - Shot Hit the Post.
6:57 of 3rd period - Shot by Luke Kunin.
6:57 of 3rd period - Stopped by Jacob Markstrom without a rebound.
6:58 of 3rd period - Derek Stepan wins face-off versus Scott Laughton in BlackHawks zone.
7:34 of 3rd period - Icing by Brandon Carlo.
7:35 of 3rd period - Jack Roslovic wins face-off versus Scott Laughton in BlackHawks zone.
7:44 of 3rd period - Shot by Jack Roslovic.
7:44 of 3rd period - Shot Blocked by Ben Hutton.
7:46 of 3rd period - Shot by Brandon Sutter.
7:46 of 3rd period - Shot Misses the Net.
7:52 of 3rd period - Shot by Jack Roslovic.
7:52 of 3rd period - Stopped by Jacob Markstrom with a rebound.
7:54 of 3rd period - Shot by Brandon Sutter.
7:54 of 3rd period - Stopped by Jacob Markstrom without a rebound.
7:55 of 3rd period - Phillip Danault wins face-off versus Kyle Turris in BlackHawks zone.
8:09 of 3rd period - Shot by Michael Raffl.
8:09 of 3rd period - Shot Misses the Net.
8:34 of 3rd period - Icing by Justin Faulk.
8:35 of 3rd period - Jack Roslovic wins face-off versus Phillip Danault in BlackHawks zone.
9:12 of 3rd period - Icing by Brandon Sutter.
9:13 of 3rd period - Jared McCann wins face-off versus Jack Roslovic in Ducks zone.
9:14 of 3rd period - Shot by Lawson Crouse.
9:14 of 3rd period - Stopped by Antti Raanta with a rebound.
9:28 of 3rd period - Icing by Ben Hutton.
9:29 of 3rd period - Derek Stepan wins face-off versus Lawson Crouse in BlackHawks zone.
9:38 of 3rd period - Shot by Derek Stepan.
9:38 of 3rd period - Stopped by Jacob Markstrom without a rebound.
9:39 of 3rd period - Scott Laughton wins face-off versus Jacob de La Rose in BlackHawks zone.
9:49 of 3rd period - Shot by Jaden Schwartz.
9:49 of 3rd period - Shot Misses the Net.
9:59 of 3rd period - Shot by Brett Connolly.
9:59 of 3rd period - Shot Blocked by John Marino.
10:07 of 3rd period - Tucker Poolman is hit by Scott Laughton and loses puck.
10:13 of 3rd period - Brock Boeser is hit by Luke Schenn and loses puck.
10:14 of 3rd period - Minor Penalty to Luke Schenn for Roughing.
10:15 of 3rd period - Derek Stepan wins face-off versus Phillip Danault in Ducks zone.
10:15 of 3rd period - Derek Stepan is hit by Kyle Palmieri.
11:08 of 3rd period - T.J. Brodie is hit by Scott Laughton and loses puck.
11:18 of 3rd period - Icing by Brock Boeser.
11:19 of 3rd period - Jack Roslovic wins face-off versus Brock Boeser in BlackHawks zone.
11:28 of 3rd period - Shot by Kyle Turris.
11:28 of 3rd period - Stopped by Jacob Markstrom without a rebound.
11:29 of 3rd period - Lawson Crouse wins face-off versus Derek Stepan in BlackHawks zone.
12:24 of 3rd period - Jared McCann is hit by Luke Schenn and loses puck.
12:29 of 3rd period - Shot by Jared McCann.
12:29 of 3rd period - Stopped by Antti Raanta without a rebound.
12:30 of 3rd period - Phillip Danault wins face-off versus Jack Roslovic in Ducks zone.
12:51 of 3rd period - Shot by John Marino.
12:51 of 3rd period - Stopped by Antti Raanta without a rebound.
12:52 of 3rd period - Scott Laughton wins face-off versus Tyler Ennis in Ducks zone.
12:53 of 3rd period - Shot by Lawson Crouse.
12:53 of 3rd period - Shot Misses the Net.
12:55 of 3rd period - Shot by Erik Johnson.
12:55 of 3rd period - Shot Blocked by Derek Forbort.
12:57 of 3rd period - Shot by Scott Laughton.
12:57 of 3rd period - Shot Blocked by Derek Forbort.
12:59 of 3rd period - Shot by Scott Laughton.
12:59 of 3rd period - Goal by Scott Laughton - Ducks : 1 - BlackHawks : 1.
13:00 of 3rd period - Scott Laughton wins face-off versus Derek Stepan in neutral zone.
13:35 of 3rd period - Shot by Luke Kunin.
13:35 of 3rd period - Stopped by Jacob Markstrom with a rebound.
13:37 of 3rd period - Shot by Derek Stepan.
13:37 of 3rd period - Stopped by Jacob Markstrom without a rebound.
13:38 of 3rd period - Jack Roslovic wins face-off versus Brock Boeser in BlackHawks zone.
13:38 of 3rd period - Jack Roslovic is hit by John Marino.
13:39 of 3rd period - Minor Penalty to John Marino for Slashing.
13:39 of 3rd period - Jack Roslovic from Ducks is injured at 13:39 of 3rd period (Groin).
13:40 of 3rd period - Jared McCann wins face-off versus Nick Ritchie in BlackHawks zone.
13:40 of 3rd period - Jared McCann is hit by Nick Ritchie.
14:44 of 3rd period - Brandon Sutter is hit by Justin Faulk and loses puck.
15:10 of 3rd period - Off-side.
15:11 of 3rd period - Jared McCann wins face-off versus Derek Stepan in neutral zone.
16:31 of 3rd period - Erik Johnson is hit by Josh Manson and loses puck.
16:54 of 3rd period - Shot by Derek Stepan.
16:54 of 3rd period - Shot Blocked by Erik Johnson.
16:56 of 3rd period - Shot by Jacob de La Rose.
16:56 of 3rd period - Shot Misses the Net.
17:23 of 3rd period - Shot by Kyle Turris.
17:23 of 3rd period - Shot Blocked by Jaden Schwartz.
17:25 of 3rd period - Shot by Kyle Turris.
17:25 of 3rd period - Shot Misses the Net.
17:28 of 3rd period - Luke Kunin is hit by Jarred Tinordi and loses puck.
18:18 of 3rd period - Shot by Phil Kessel.
18:18 of 3rd period - Stopped by Antti Raanta without a rebound.
18:19 of 3rd period - Scott Laughton wins face-off versus Jacob de La Rose in Ducks zone.
18:46 of 3rd period - Shot by Scott Laughton.
18:46 of 3rd period - Shot Misses the Net.
18:54 of 3rd period - Jacob de La Rose is hit by Lawson Crouse and loses puck.
19:04 of 3rd period - Off-side.
19:05 of 3rd period - Kyle Palmieri wins face-off versus Nick Ritchie in neutral zone.
19:25 of 3rd period - Shot by Nick Ritchie.
19:25 of 3rd period - Shot Blocked by Erik Johnson.
19:27 of 3rd period - Shot by Artem Anisimov.
19:27 of 3rd period - Stopped by Jacob Markstrom without a rebound.
19:28 of 3rd period - Ivan Barbashev wins face-off versus Kyle Turris in BlackHawks zone.
19:46 of 3rd period - Shot by Brock Boeser.
19:46 of 3rd period - Shot Misses the Net.
19:58 of 3rd period - Shot by Tyler Ennis.
19:58 of 3rd period - Stopped by Jacob Markstrom without a rebound.
19:59 of 3rd period - Nick Ritchie wins face-off versus Phillip Danault in BlackHawks zone.
Goals for this period are 0 for Ducks vs 1 for BlackHawks.
Shots for this period are 10 for Ducks vs 8 for BlackHawks.

Overtime #1


0:01 of 1st overtime period - Phillip Danault wins face-off versus Derek Stepan in neutral zone.
0:29 of 1st overtime period - Shot by Jaden Schwartz.
0:29 of 1st overtime period - Stopped by Antti Raanta without a rebound.
0:30 of 1st overtime period - Kyle Turris wins face-off versus Brock Boeser in Ducks zone.
2:05 of 1st overtime period - Shot by Artem Anisimov.
2:05 of 1st overtime period - Deflect By Brandon Sutter.
2:05 of 1st overtime period - Shot Misses the Net.
2:07 of 1st overtime period - Shot by Artem Anisimov.
2:07 of 1st overtime period - Shot Misses the Net.
2:17 of 1st overtime period - Shot by Brandon Sutter.
2:17 of 1st overtime period - Stopped by Jacob Markstrom with a rebound.
2:19 of 1st overtime period - Shot by Brandon Sutter.
2:19 of 1st overtime period - Shot Blocked by Phillip Danault.
2:21 of 1st overtime period - Shot by Brandon Sutter.
2:21 of 1st overtime period - Stopped by Jacob Markstrom without a rebound.
2:22 of 1st overtime period - Scott Laughton wins face-off versus Kyle Turris in BlackHawks zone.
2:22 of 1st overtime period - Scott Laughton is hit by Luke Kunin.
2:38 of 1st overtime period - Shot by Kyle Palmieri.
2:38 of 1st overtime period - Shot Blocked by Kyle Turris.
2:40 of 1st overtime period - Shot by Scott Laughton.
2:40 of 1st overtime period - Shot Misses the Net.
3:49 of 1st overtime period - Shot by T.J. Brodie.
3:49 of 1st overtime period - Shot Blocked by Phillip Danault.
3:51 of 1st overtime period - Shot by T.J. Brodie.
3:51 of 1st overtime period - Shot Misses the Net.
3:53 of 1st overtime period - Shot by Derek Stepan.
3:53 of 1st overtime period - Shot Misses the Net.
3:55 of 1st overtime period - Shot by Derek Stepan.
3:55 of 1st overtime period - Shot Blocked by Erik Johnson.
3:57 of 1st overtime period - Shot by Anders Lee.
3:57 of 1st overtime period - Stopped by Jacob Markstrom without a rebound.
3:58 of 1st overtime period - Brandon Sutter wins face-off versus Phillip Danault in BlackHawks zone.
4:09 of 1st overtime period - Shot by Brandon Sutter.
4:09 of 1st overtime period - Stopped by Jacob Markstrom without a rebound.
4:10 of 1st overtime period - Derek Stepan wins face-off versus Phillip Danault in BlackHawks zone.
Goals for this period are 0 for Ducks vs 0 for BlackHawks.
Shots for this period are 4 for Ducks vs 1 for BlackHawks.

ShootOut


5:00 of 1st overtime period - Round #1.
5:00 of 1st overtime period - Ducks, Derek Stepan.
5:00 of 1st overtime period - Stopped by Jacob Markstrom.
5:00 of 1st overtime period - BlackHawks, Jared McCann.
5:00 of 1st overtime period - Shot Misses the Net.
5:00 of 1st overtime period - Round #2.
5:00 of 1st overtime period - Ducks, Anders Lee.
5:00 of 1st overtime period - Shot Misses the Net.
5:00 of 1st overtime period - BlackHawks, Phillip Danault.
5:00 of 1st overtime period - Goal by Phillip Danault.
5:00 of 1st overtime period - Round #3.
5:00 of 1st overtime period - Ducks, Calvin de Haan.
5:00 of 1st overtime period - Goal by Calvin de Haan.
5:00 of 1st overtime period - BlackHawks, Jaden Schwartz.
5:00 of 1st overtime period - Stopped by Antti Raanta.
5:00 of 1st overtime period - Round #4.
5:00 of 1st overtime period - Ducks, Kyle Turris.
5:00 of 1st overtime period - Stopped by Jacob Markstrom.
5:00 of 1st overtime period - BlackHawks, Brock Boeser.
5:00 of 1st overtime period - Stopped by Antti Raanta.
5:00 of 1st overtime period - Round #5.
5:00 of 1st overtime period - Ducks, Luke Kunin.
5:00 of 1st overtime period - Stopped by Jacob Markstrom.
5:00 of 1st overtime period - BlackHawks, Phil Kessel.
5:00 of 1st overtime period - Stopped by Antti Raanta.
5:00 of 1st overtime period - Round #6.
5:00 of 1st overtime period - Ducks, Tyler Ennis.
5:00 of 1st overtime period - Stopped by Jacob Markstrom.
5:00 of 1st overtime period - BlackHawks, Jarred Tinordi.
5:00 of 1st overtime period - Shot Misses the Net.
5:00 of 1st overtime period - Round #7.
5:00 of 1st overtime period - Ducks, Brandon Sutter.
5:00 of 1st overtime period - Shot Misses the Net.
5:00 of 1st overtime period - BlackHawks, Kyle Palmieri.
5:00 of 1st overtime period - Stopped by Antti Raanta.
5:00 of 1st overtime period - Round #8.
5:00 of 1st overtime period - Ducks, Artem Anisimov.
5:00 of 1st overtime period - Stopped by Jacob Markstrom.
5:00 of 1st overtime period - BlackHawks, Curtis Lazar.
5:00 of 1st overtime period - Shot Misses the Net.
5:00 of 1st overtime period - Round #9.
5:00 of 1st overtime period - Ducks, Michael Raffl.
5:00 of 1st overtime period - Goal by Michael Raffl.
5:00 of 1st overtime period - BlackHawks, Brandon Carlo.
5:00 of 1st overtime period - Stopped by Antti Raanta.